 Dungeon Crawl Stone Soup version 0.21.1-1-g345015f (webtiles) character file.

80811 Mgcat the Fighter (level 15, -2/101 HPs)
             Began as a Gargoyle Fighter on Feb 8, 2018.
             Was an Initiate of Gozag.
             Slain by a harpy (12 damage)
             ... summoned by Kirke
             ... on level 13 of the Dungeon.
             The game lasted 01:03:49 (24028 turns).

Mgcat the Fighter (Gargoyle Fighter)               Turns: 24028, Time: 01:03:50

Health: -2/101     AC:  0    Str: 25    XL:     15   Next: 68%
Magic:  0/18       EV: 13    Int: 10    God:    Gozag
Gold:   2647       SH:  0    Dex: 14    Spells: 15/18 levels left

rFire    . . .     SeeInvis .   (weapon currently unavailable)
rCold    . . .     Gourm    .   (shield currently unavailable)
rNeg     + . .     Faith    .   (armour currently unavailable)
rPois    ∞         Spirit   +   (helmet currently unavailable)
rElec    .         Reflect  .   (cloak currently unavailable)
rCorr    .         Harm     .   (gloves currently unavailable)
MR       +....                  (boots currently unavailable)
Stlth    +.........             x - amulet of guardian spirit {Spirit}
HPRegen  0.26/turn              (ring currently unavailable)
MPRegen  0.16/turn              (ring currently unavailable)

@: mighty, pig-form, flying, very slightly contaminated, slowed, studying
Necromancy
A: small, negative energy resistance 1, petrification resistance, rot immunity,
AC +11
a: Potion Petition, Call Merchant, Bribe Branch, Renounce Religion


You were on level 13 of the Dungeon.
You worshipped Gozag.
Gozag was most pleased with you.
You were not hungry.
You were a filthy swine.
You visited 3 branches of the dungeon, and saw 21 of its levels.
You also visited: Volcano.

You collected 8096 gold pieces.
You spent 4006 gold pieces at shops.
You paid 1443 gold pieces to Gozag.

Inventory:

Hand Weapons
 s - the +4 great mace of Descent (melded) {flame, rElec rPois Str+7 Dex-4}
   (You bought it in a shop on level 5 of the Lair of Beasts)

   It has been specially enchanted to burn those struck by it, causing extra
   injury to most foes and up to half again as much damage against particularly
   susceptible opponents.
   It affects your strength (+7).
   It affects your dexterity (-4).
   It insulates you from electricity.
   It protects you from poison.
 t - a +4 whip of electrocution
   (You took it off a gnoll on level 4 of the Dungeon)
Missiles
 A - a throwing net {=f, !d}
 B - 7 tomahawks of returning
 E - 37 tomahawks (quivered)
Armour
 c - a +0 shield
 n - a +2 scale mail of magic resistance
   (You took it off Terence on level 3 of the Dungeon)
 p - a +2 hat (melded)
   (You found it on level 8 of the Dungeon)
 O - a +1 pair of boots (melded)
   (You found it on level 11 of the Dungeon)
 Q - a +4 plate armour of cold resistance (melded)
   (You bought it in a shop on level 10 of the Dungeon)
 T - a +2 cloak of fire resistance (melded)
   (You found it in a volcano)
Jewellery
 m - a ring of see invisible (melded) {sInv, !d}
   (You found it on level 5 of the Dungeon)
 x - an amulet of guardian spirit (around neck) {Spirit}
   (You found it on level 5 of the Dungeon)
 F - a +2 ring of protection (melded)
   (You found it on level 7 of the Dungeon)
 W - an uncursed ring of ice {rC+, rF-}
   (You found it on level 3 of the Lair of Beasts)
Wands
 o - a wand of clouds (9)
   (You found it on level 8 of the Dungeon)
 w - a wand of acid (31)
   (You found it on level 6 of the Dungeon)
 I - a wand of digging (19)
   (You took it off an orc on level 8 of the Dungeon)
 K - a wand of iceblast (19)
   (You found it on level 9 of the Dungeon)
 S - a wand of scattershot (8)
   (You found it on level 3 of the Lair of Beasts)
Scrolls
 a - 5 scrolls of identify
 e - 3 scrolls of magic mapping {!r}
 l - 8 scrolls of remove curse
 u - a scroll of blinking {!r}
 y - a scroll of enchant weapon
 z - 3 scrolls of fear
 D - 5 scrolls of teleportation
 Y - a scroll of summoning
Potions
 b - 15 potions of curing
 d - a potion of might
 g - 2 potions of invisibility
 j - a potion of haste
 k - 4 potions of magic
 r - 3 potions of cancellation
 C - 5 potions of lignification {!q}
 G - a potion of mutation {!q}
 J - a potion of agility
 L - 3 potions of berserk rage {!q}
 R - 2 potions of ambrosia
 U - 3 potions of resistance
Books
 i - a manual of Necromancy {!d}
   (You found it on level 6 of the Lair of Beasts)
Miscellaneous
 h - a crystal ball of energy
   (You found it on level 5 of the Lair of Beasts)
 v - a lightning rod (4/4)
   (You found it on level 6 of the Lair of Beasts)
 H - a sack of spiders
 P - a lamp of fire
   (You found it on level 11 of the Dungeon)
Comestibles
 f - 19 rations


   Skills:
 + Level 14.8 Fighting
 + Level 13.5 Maces & Flails
 + Level 14.7 Armour
 + Level 14.7 Shields
 + Level 2.3 Spellcasting
 + Level 2.2 Evocations


You had 15 spell levels left.
You knew the following spells:

 Your Spells              Type           Power        Failure   Level  Hunger
a - Regeneration          Chrm/Necr      #.........   67%         3    ####...


Dungeon Overview and Level Annotations

Branches:
Dungeon (13/15)            Temple (0/1) D:4            Lair (6/6) D:8
  Swamp (0/4) Lair:2        Snake (0/4) Lair:4        Slime (0/5) Lair:5
    Orc (2/2) D:10            Elf (0/3) Orc:2
 Vaults: D:13-14

Altars:
Ashenzari
Cheibriados
Dithmenos
Elyvilon
Fedhas
Gozag
Hepliaklqana
Kikubaaqudgha
Makhleb
Nemelex Xobeh
Okawaru
Ru
Trog
Wu Jian
Yredelemnul
The Shining One
Beogh

Shops:
D:5 %*   D:10 [   D:11 =   D:12 (   Orc:1 :   Orc:2 :([!   Lair:5 (

Portals:
Hell: Lair:6

Annotations:
D:13 Kirke


Innate Abilities, Weirdness & Mutations

You are resistant to torment.
((Your stone body is resilient. (AC +11)))
You are immune to poison.
((Your large and strong wings let you fly indefinitely.))
You resist negative energy. (rN+)
((You are resistant to electric shocks. (rElec)))
((You can survive without breathing.))
You are immune to petrification.
You are immune to rotting.
((Armour fits poorly on your strangely shaped body.))


Message History

The hell hound is severely wounded.
The hell hound barely misses you. x2
Your plate armour prevents you from hitting the hell hound.
The hell hound is severely wounded.
The hell hound bites you but does no damage.
You hit the hell hound.
The hell hound is almost dead.
The hell hound is distracted by the nearby gold.
You closely miss the hell hound.
The hell hound is no longer distracted by gold.
The hell hound barks!
The hell hound is severely wounded.
The hell hound breathes flames at you. The blast of flame hits you! You resist.
You barely miss the hell hound.
The hell hound is severely wounded.
The hell hound closely misses you.
The hell hound bites you but does no damage.
You hammer the hell hound like a gong!!!
You kill the hell hound!
You now have 2587 gold pieces (gained 16).
You see here a scimitar of flaming.
You now have 2620 gold pieces (gained 33).
You now have 2630 gold pieces (gained 10).
You feel a little less mighty now.
You feel a little less clever now.
You now have 2638 gold pieces (gained 8).
You now have 2647 gold pieces (gained 9).
You feel a little less agile now.
Kirke shouts!
Found a stone staircase leading down.
Kirke hits you but does no damage.
You sock Kirke! You burn Kirke.
Kirke is lightly wounded.
Kirke gestures at you while chanting.
You turn into a filthy swine.
The +4 great mace of Descent {flame, rElec rPois Str+7 Dex-4} melds into your body.
Your +2 cloak of fire resistance melds into your body.
Your +2 hat melds into your body.
Your +1 pair of boots melds into your body.
Your +4 plate armour of cold resistance melds into your body.
Your +2 ring of protection melds into your body.
Your ring of see invisible {sInv, !d} melds into your body.
The +4 great mace of Descent {flame, rElec rPois Str+7 Dex-4} stops flaming.
You feel less resistant to fire.
You feel less resistant to cold.
You closely miss Kirke.
Kirke is lightly wounded.
Kirke gestures at you while chanting.
You feel yourself slow down.
You bite Kirke!
Kirke is lightly wounded.
Kirke misses you.
You bite Kirke!
Kirke is moderately wounded.
Kirke gestures wildly while chanting.
Kirke summons some harpies!
You closely miss Kirke.
Kirke is moderately wounded.
The harpy barely misses you. x2; The harpy claws you.
The harpy misses you.
Kirke points at you and mumbles some strange words.
You struggle to resist.
You hit Kirke.
Kirke is moderately wounded.
The harpy barely misses you. x2; The harpy misses you.
The harpy closely misses you.
Kirke points at you and mumbles some strange words.
You feel a momentary urge to oink. The harpy claws you.
The harpy barely misses you.
You feel very mighty all of a sudden.
The harpy claws you! x2; The harpy barely misses you.
The harpy completely misses you. The harpy claws you.
The harpy closely misses you. Kirke hits you! The harpy claws you!
The harpy completely misses you. The harpy claws you. The harpy claws you!
* * * LOW HITPOINT WARNING * * *
You feel much better. The harpy barely misses you. The harpy claws you!
The harpy claws you. The harpy barely misses you. Kirke hits you!
* * * LOW HITPOINT WARNING * * *
Kirke hits you!
* * * LOW HITPOINT WARNING * * *
Really read
u - 3 scrolls of blinking {!r}?
Blink to where?
Press: ? - help, Dir - move target cursor You are very lightly contaminated with residual magic.
As you read the scroll of blinking {!r}, it crumbles to dust.
Really read
u - 2 scrolls of blinking {!r}?
Blink to where?
Press: ? - help, Dir - move target cursor
As you read the scroll of blinking {!r}, it crumbles to dust.
Things that are here:
a chain mail; a glaive The harpy barely misses you.
The harpy closely misses you.
You feel much better.
The harpy screeches!
The harpy misses you. The harpy claws you! x2
* * * LOW HITPOINT WARNING * * *
The harpy claws you!
* * * LOW HITPOINT WARNING * * *
The harpy barely misses you. The harpy claws you!
You die...
Your body crumbles into a pile of gold.

#.[(..[............#
#<.####..########..# #..# #..#
#..###### #..# #..# #........
#..# #..# #........
######..####..########..######
...)....................#
..(..[..................#
#####[.#########hH####..######
#..# #[H# #........ #[.# #..#
#........ #..# #..# #..######
#####..#########..####..#
..H.H.....H.............#
.@.......H..............#
#..#######..####..####..# #..#
#..# #..# #..#


You could see 2 harpies.

Vanquished Creatures
  Saint Roka (Orc:2)
  Nessos (D:13)
  5 entropy weavers
  Azrael (D:13)
  Snorg (Lair:5)
  5 hydras
  Erica (D:11)
  A death knight (D:13)
  3 ghost crabs (Lair:3)
  A queen ant (Lair:5)
  5 two-headed ogres
  2 orc high priests (Orc:2)
  5 death yaks
  Urug (Lair:3)
  A hell hog (Volcano)
  A sun demon (Lair:6)
  6 fire crabs
  A skeletal warrior (D:13)
  2 unseen horrors
  An orc knight (Orc:1)
  A wizard (Lair:6)
  Pikel (D:7)
  A deep elf mage (D:12)
  An oklob plant (Lair:2)
  2 orc sorcerers
  An ugly thing (D:13)
  2 cyclopes
  12 elephants
  An apocalypse crab (Lair:3)
  A smoke demon (Lair:6)
  A black mamba (Lair:5)
  An orange demon (Lair:6)
  Psyche (D:8)
  9 spiny frogs
  A torpor snail (Lair:6)
  3 rime drakes (Lair:6)
  A centaur skeleton (D:12)
  3 komodo dragons
  2 ice devils (Lair:6)
  2 red devils (Lair:6)
  6 trolls
  Prince Ribbit (D:5)
  5 polar bears (Lair:2)
  A hornet (D:8)
  5 blink frogs
  12 dream sheep
  8 hippogriffs
  2 wraiths (D:13)
  8 hogs
  6 fire bats (Volcano)
  A fire elemental (D:13)
  A human (D:7)
  2 steam dragons (Volcano)
  43 yaks
  A wyvern (Lair:4)
  A basilisk (Lair:5)
  2 hungry ghosts (D:9)
  3 swamp worms (Lair:2)
  4 wargs
  6 soldier ants (Lair:5)
  2 nagas (Lair:4)
  7 hell hounds
  13 water moccasins
  8 porcupines
  6 sky beasts
  An eye of draining (D:10)
  2 ice beasts
  5 black bears
  28 orc warriors
  A slave (D:7)
  6 wolves (Lair:5)
  5 phantoms
  7 ogres
  5 centaurs
  9 crocodiles
  2 big kobolds
  16 bullfrogs
  A water moccasin skeleton (D:5)
  4 scorpions
  3 wyvern skeletons
  4 killer bees (D:9)
  15 wights
  2 electric eels
  A howler monkey (D:3)
  A crimson imp (D:12)
  A bullfrog zombie (D:10)
  3 centaur zombies
  6 hounds
  21 orc wizards
  6 jellies
  21 orc priests
  Terence (D:3)
  9 hell rats (Lair:1)
  7 iguanas
  22 worker ants
  A killer bee zombie (D:10)
  2 hound zombies
  10 gnolls
  21 adders
  9 river rats (Lair:1)
  4 shadow imps
  An adder zombie (D:7)
  3 adder skeletons
  5 worms
  2 dart slugs
  8 leopard geckos
  88 orcs
  6 bats
  2 bat zombies (D:9)
  A giant cockroach (D:5)
  6 goblins
  6 hobgoblins
  19 jackals
  11 quokkas
  6 frilled lizards
  9 kobolds
  A leopard gecko zombie (D:6)
  20 rats
  2 rat zombies (D:9)
  A plant (Lair:2)
705 creatures vanquished.

Vanquished Creatures (others)
  17 fungi (D:8)
  5 plants (D:8)
22 creatures vanquished.

Grand Total: 727 creatures vanquished

Notes
Turn   | Place    | Note
-------+----------+-------------------------------------------
     0 | D:1      | Mgcat the Gargoyle Fighter began the quest for the Orb.
     0 | D:1      | Reached XP level 1. HP: 14/14 MP: 1/1
    32 | D:1      | Reached XP level 2. HP: 12/19 MP: 2/2
   258 | D:1      | Reached XP level 3. HP: 20/23 MP: 3/3
   659 | D:2      | Found a basalt altar of Yredelemnul.
   754 | D:2      | Found an opulent altar of Gozag.
   769 | D:2      | Reached XP level 4. HP: 29/29 MP: 4/4
   870 | D:2      | Became a worshipper of Gozag Ym Sagoz the Greedy
  1072 | D:2      | Reached skill level 4 in Fighting
  1072 | D:2      | Reached skill level 4 in Shields
  1252 | D:3      | Reached skill level 4 in Armour
  1277 | D:3      | Noticed Terence
  1301 | D:3      | Reached skill level 3 in Maces & Flails
  1301 | D:3      | Reached XP level 5. HP: 15/33 MP: 5/5
  1306 | D:3      | Killed Terence
  2381 | D:4      | Reached XP level 6. HP: 27/39 MP: 6/6
  2387 | D:4      | Found a shadowy altar of Dithmenos.
  2454 | D:4      | Found a sacrificial altar of Ru.
  2651 | D:4      | Found a staircase to the Ecumenical Temple.
  2712 | D:4      | Found a snail-covered altar of Cheibriados.
  2892 | D:4      | Reached skill level 5 in Fighting
  3114 | D:4      | Reached skill level 5 in Shields
  3227 | D:5      | Entered Level 5 of the Dungeon
  3227 | D:5      | Found Owkauvun's Assorted Antiques.
  3372 | D:5      | Reached skill level 5 in Armour
  3372 | D:5      | Reached XP level 7. HP: 44/44 MP: 7/7
  3383 | D:5      | Reached skill level 4 in Maces & Flails
  3709 | D:5      | Noticed Prince Ribbit
  3727 | D:5      | Killed Prince Ribbit
  3727 | D:5      | Reached skill level 6 in Fighting
  3727 | D:5      | Reached XP level 8. HP: 26/51 MP: 8/8
  3737 | D:5      | Reached skill level 6 in Shields
  3746 | D:5      | Reached skill level 5 in Maces & Flails
  3746 | D:5      | Reached skill level 6 in Armour
  4026 | D:5      | Found Zekoza Gyng's Food Boutique.
  4034 | D:5      | Bought a ration for 70 gold pieces
  4034 | D:5      | Bought a ration for 70 gold pieces
  4034 | D:5      | Bought a ration for 70 gold pieces
  4034 | D:5      | Bought a ration for 70 gold pieces
  4034 | D:5      | Bought a ration for 70 gold pieces
  4034 | D:5      | Bought a ration for 70 gold pieces
  4034 | D:5      | Bought a ration for 70 gold pieces
  4034 | D:5      | Bought a ration for 70 gold pieces
  4176 | D:5      | Found Zeath's Assorted Antiques.
  4181 | D:5      | Got a pitted copper ring
  4183 | D:5      | Identified the ring of Baosh {Wiz Int+4} (You found it on level 5 of the Dungeon)
  4392 | D:6      | Found a shattered altar of Ashenzari.
  4461 | D:6      | Found an ornate altar of the Wu Jian Council.
  4612 | D:6      | Found a blossoming altar of Fedhas.
  5572 | D:7      | Reached skill level 7 in Fighting
  5572 | D:7      | Reached skill level 6 in Maces & Flails
  5572 | D:7      | Reached skill level 7 in Armour
  5572 | D:7      | Reached skill level 7 in Shields
  5572 | D:7      | Reached XP level 9. HP: 32/57 MP: 5/9
  5869 | D:7      | Noticed Pikel
  5903 | D:7      | Killed Pikel
  6076 | D:7      | Reached skill level 8 in Fighting
  6078 | D:7      | Reached skill level 8 in Shields
  6175 | D:7      | Found a hazy altar of Hepliaklqana.
  6226 | D:7      | Reached skill level 8 in Armour
  6384 | D:7      | Reached skill level 7 in Maces & Flails
  6516 | D:7      | Found an iron altar of Okawaru.
  6534 | D:7      | Reached XP level 10. HP: 60/64 MP: 8/10
  6807 | D:8      | Found a staircase to the Lair.
  6901 | D:8      | Noticed a two-headed ogre
  7330 | D:8      | Killed a two-headed ogre
  7330 | D:8      | Reached skill level 9 in Fighting
  7330 | D:8      | Reached skill level 9 in Armour
  7330 | D:8      | Reached skill level 9 in Shields
  7438 | D:8      | Noticed a two-headed ogre
  7439 | D:8      | Noticed Psyche
  7446 | D:8      | Killed a two-headed ogre
  7446 | D:8      | Reached skill level 8 in Maces & Flails
  7451 | D:8      | Killed Psyche
  7568 | D:8      | Found a white marble altar of Elyvilon.
  7675 | D:8      | Noticed a moth of wrath
  7678 | D:8      | Found a bloodstained altar of Trog.
  7782 | D:8      | Found a large runed door.
  7805 | D:8      | Found a large runed door.
  7840 | D:8      | Noticed a seven-headed hydra
  7857 | D:8      | Killed a seven-headed hydra
  7857 | D:8      | Reached XP level 11. HP: 51/72 MP: 8/11
  7869 | D:8      | Found a glowing golden altar of the Shining One.
  7874 | D:8      | Found an ornate altar of the Wu Jian Council.
  8045 | D:9      | Found an ancient bone altar of Kikubaaqudgha.
  8512 | D:9      | Found a sparkling altar of Nemelex Xobeh.
  8546 | D:9      | Reached skill level 10 in Fighting
  8656 | D:9      | Reached skill level 10 in Shields
  8682 | D:9      | Noticed a two-headed ogre
  8688 | D:9      | Killed a two-headed ogre
  8688 | D:9      | Reached skill level 9 in Maces & Flails
  8688 | D:9      | Reached skill level 10 in Armour
  9000 | D:10     | Entered Level 10 of the Dungeon
  9129 | D:10     | Noticed a two-headed ogre
  9142 | D:10     | Killed a two-headed ogre
  9180 | D:10     | Noticed an unseen horror
  9184 | D:10     | Killed an unseen horror
  9400 | D:10     | Found a staircase to the Orcish Mines.
  9839 | D:11     | Noticed Erica
  9852 | D:11     | Killed Erica
 10061 | D:11     | Found Worailok's Jewellery Shoppe.
 10072 | D:11     | Noticed an unseen horror
 10119 | D:11     | Killed an unseen horror
 10196 | D:11     | Reached XP level 12. HP: 60/79 MP: 12/12
 10593 | Lair:1   | Entered Level 1 of the Lair of Beasts
 10637 | Lair:1   | Reached skill level 11 in Fighting
 10637 | Lair:1   | Reached skill level 11 in Shields
 10705 | Lair:1   | Noticed a four-headed hydra
 10713 | Lair:1   | Killed a four-headed hydra
 10713 | Lair:1   | Reached skill level 10 in Maces & Flails
 10713 | Lair:1   | Reached skill level 11 in Armour
 10722 | Lair:1   | Found a dark tunnel.
 10732 | Volcano  | Entered a volcano
 10802 | Volcano  | Noticed a hell hog
 10844 | Volcano  | Killed a hell hog
 13035 | Lair:2   | Found a staircase to the Swamp.
 13397 | Lair:3   | Noticed a four-headed hydra
 13411 | Lair:3   | Killed a four-headed hydra
 13574 | Lair:3   | Noticed Urug
 13597 | Lair:3   | Killed Urug
 13679 | Lair:3   | Found a runed door.
 13784 | Lair:3   | Reached skill level 12 in Fighting
 14104 | Lair:3   | Reached skill level 11 in Maces & Flails
 14104 | Lair:3   | Reached skill level 12 in Armour
 14104 | Lair:3   | Reached skill level 12 in Shields
 14104 | Lair:3   | Reached XP level 13. HP: 66/86 MP: 10/13
 14360 | Lair:3   | Noticed an entropy weaver
 14384 | Lair:3   | Killed an entropy weaver
 14708 | Lair:3   | Noticed an entropy weaver
 14723 | Lair:3   | Killed an entropy weaver
 15058 | Lair:3   | Noticed an entropy weaver
 15070 | Lair:3   | Killed an entropy weaver
 15095 | Lair:3   | Got a spiked scale mail
 15106 | Lair:3   | Identified the +0 scale mail "Vamauppi" {rC+ rN+ Str-4} (You found it on level 3 of the Lair of Beasts)
 15133 | Lair:3   | Learned a level 3 spell: Regeneration
 15609 | Lair:4   | Reached skill level 13 in Fighting
 15616 | Lair:4   | Found a staircase to the Snake Pit.
 15720 | Lair:4   | Reached skill level 13 in Armour
 15720 | Lair:4   | Reached skill level 13 in Shields
 15983 | Lair:4   | Found an ornate altar of the Wu Jian Council.
 16594 | Lair:5   | Noticed an entropy weaver
 16597 | Lair:5   | Noticed an entropy weaver
 16614 | Lair:5   | Reached skill level 12 in Maces & Flails
 16670 | Lair:5   | Killed an entropy weaver
 16670 | Lair:5   | Gained mutation: Your large and strong wings let you fly indefinitely. [Gargoyle growth]
 16670 | Lair:5   | Reached XP level 14. HP: 80/94 MP: 11/14
 16774 | Lair:5   | Killed an entropy weaver
 17401 | Lair:5   | Found a staircase to the Slime Pits.
 17649 | Lair:5   | Bought a crystal great mace for 448 gold pieces
 17654 | Lair:5   | Identified the +4 great mace of Descent {flame, rElec rPois Str+7 Dex-4} (You bought it in a shop on level 5 of the Lair of Beasts)
 17687 | Lair:6   | Entered Level 6 of the Lair of Beasts
 17688 | Lair:6   | Noticed Snorg
 17728 | Lair:5   | Killed Snorg
 19372 | Lair:6   | Reached skill level 14 in Fighting
 19410 | Lair:6   | Reached skill level 14 in Armour
 19410 | Lair:6   | Reached skill level 14 in Shields
 19420 | Lair:6   | Found a burning altar of Makhleb.
 19477 | Lair:6   | Found a gateway to Hell.
 19921 | Orc:1    | Entered Level 1 of the Orcish Mines
 19943 | D:10     | Bought a heavily runed buckler for 275 gold pieces
 19943 | D:10     | Bought a pair of embroidered boots for 217 gold pieces
 19943 | D:10     | Bought a smoking chain mail for 275 gold pieces
 19943 | D:10     | Bought a shimmering chain mail for 275 gold pieces
 19953 | D:10     | Identified the +2 chain mail of Youthful Indiscretion {*Contam Slay+5} (You bought it in a shop on level 10 of the Dungeon)
 19963 | D:10     | Identified the +3 chain mail of the Vanishing Songs {rN+ Int-3 Dex+5} (You bought it in a shop on level 10 of the Dungeon)
 19979 | D:10     | Gained mutation: Armour fits poorly on your strangely shaped body. [mutagenic glow]
 19995 | D:10     | Bought a distressingly furry scale mail for 261 gold pieces
 19995 | D:10     | Bought a steaming scale mail for 261 gold pieces
 20001 | D:10     | Identified the +5 scale mail of the Volcano {rElec Int+2} (You bought it in a shop on level 10 of the Dungeon)
 20011 | D:10     | Identified the +3 scale mail "Ischod" {+Inv Str+5 Int-2} (You bought it in a shop on level 10 of the Dungeon)
 20022 | D:10     | Bought a shiny plate armour for 754 gold pieces
 20074 | Orc:1    | Reached skill level 13 in Maces & Flails
 20286 | Orc:2    | Entered Level 2 of the Orcish Mines
 20456 | Orc:2    | Found a roughly hewn altar of Beogh.
 20490 | Orc:2    | Reached XP level 15. HP: 90/100 MP: 13/15
 20588 | Orc:2    | Found a roughly hewn altar of Beogh.
 20653 | Orc:2    | Found a staircase to the Elven Halls.
 20858 | Orc:2    | Found a roughly hewn altar of Beogh.
 20859 | Orc:2    | Found Teanargh's Distillery.
 20893 | Orc:2    | Bought 2 potions of heal wounds for 170 gold pieces
 20893 | Orc:2    | Bought a potion of resistance for 170 gold pieces
 20893 | Orc:2    | Bought a potion of haste for 170 gold pieces
 20893 | Orc:2    | Bought a potion of haste for 170 gold pieces
 20936 | Orc:2    | Found a roughly hewn altar of Beogh.
 21008 | Orc:1    | Found Neazum's Book Shoppe.
 21745 | Orc:2    | Found a roughly hewn altar of Beogh.
 21782 | Orc:2    | Found Pophof's Book Shoppe.
 22227 | Orc:2    | Noticed Saint Roka
 22252 | Orc:2    | Killed Saint Roka
 22262 | Orc:2    | Found a roughly hewn altar of Beogh.
 22262 | Orc:2    | Found Voroph's Antique Armour Shoppe.
 22264 | Orc:2    | Found Loca's Antique Weapon Emporium.
 22403 | Orc:2    | Identified the +0 buckler of the Wilderness {rPois rN+ MR- Dex+4} (You bought it in a shop on level 10 of the Dungeon)
 22768 | D:12     | Reached skill level 1 in Spellcasting
 22900 | D:12     | Reached skill level 1 in Evocations
 23265 | D:12     | Found Hicoro's Antique Weapon Boutique.
 23351 | D:13     | Noticed Nessos
 23372 | D:13     | Killed Nessos
 23656 | D:13     | Reached skill level 2 in Spellcasting
 23733 | D:13     | Noticed Kirke
 23736 | D:13     | Reached skill level 2 in Evocations
 23923 | D:13     | Noticed Azrael
 23939 | D:13     | Killed Azrael
 24019 | D:13     | HP: 20/101 [harpy[Kirke] (11)]
 24028 | D:13     | HP: 23/101 [harpy[Kirke] (8)]
 24028 | D:13     | HP: 10/101 [harpy[Kirke] (13)]
 24028 | D:13     | Slain by a harpy

Skill      XL: |  1  2  3  4  5  6  7  8  9 10 11 12 13 14 15 |
---------------+----------------------------------------------+-----
Fighting       | 4 5 6 7 8 9 10 12 13 14 | 14.8
Shields        | 4 5 7 8 9 10 12 13 14 | 14.7
Armour         | 4 5 7 8 9 10 12 13 14 | 14.7
Maces & Flails | 3 4 6 7 8 9 11 12 13 | 13.5
Spellcasting   | 2 |  2.3
Evocations     | 2 |  2.2

Action                   |  1- 3 |  4- 6 |  7- 9 | 10-12 | 13-15 || total
-------------------------+-------+-------+-------+-------+-------++-------
Melee: Flail             |    77 |   246 |    60 |       |       ||   383
       Whip              |       |       |   261 |   952 |   590 ||  1803
       Great mace        |       |       |       |       |   807 ||   807
       Unarmed           |       |       |       |       |     7 ||     7
Throw: Tomahawk          |       |       |       |     7 |     4 ||    11
Invok: Call Merchant     |       |       |       |       |     2 ||     2
       Potion Petition   |       |       |       |       |     1 ||     1
 Abil: Fly               |       |       |       |       |     1 ||     1
  Use: Scroll            |       |     7 |     8 |    10 |    16 ||    41
       Potion            |       |     1 |     1 |       |    13 ||    15
 Stab: Distracted        |       |       |     1 |     3 |     6 ||    10
  Eat: Chunk             |       |     7 |       |       |       ||     7
       Ration            |       |     2 |     3 |     8 |    10 ||    23
Armor: Scale mail        |    64 |   136 |   163 |   370 |   492 ||  1225
       Leather armour    |       |       |       |     6 |       ||     6
       Plate armour      |       |       |       |       |   517 ||   517
Dodge: Dodged            |    31 |    57 |    91 |   216 |   567 ||   962
Block: Shield            |    57 |   107 |       |   198 |   208 ||   570
       Buckler           |       |    15 |   107 |   128 |       ||   250

Vault maps used:
D:1:      dpeg_arrival_short_road, minmay_tetromino_s4
D:2:      grunt_gozag_breadcrumbs, lemuel_doored_altar
D:3:      first_ration, st_stairs_4, eino_tiny_chamber, uniq_terence
D:4:      minmay_wonky_spiral, nicolae_dithmenos_through_a_glass_darkly,
          hangedman_ru_absence, kennysheep_slug_shrine,
          minmay_temple_entry_statues_fountains, minmay_lizard_king
D:5:      serial_shops, nicolae_shop_trees, shop, shop, uniq_prince_ribbit1
D:6:      lemuel_crystal_altar, fedhas_altar_2, kennysheep_little_box
D:7:      kennysheep_mini_moat, okawaru_altar_gauntlet_db, grunt_livestock,
          uniq_pikel
D:8:      tgw_trog, due_lair_maze_entry_diamond, basic_altar,
          jmf_multi_god_temple2, uniq_psyche
D:9:      nemelex_xobeh_ov_fountains_minmay, lemuel_zombie_altar_kikubaaqudgha,
          serial_column_ruins, column_ruins_open_tiny, column_ruins_grid_1,
          column_ruins_open_tiny, column_ruins_columns_dead_end,
          column_ruins_open_tiny, column_ruins_open_small
D:10:     orc_0_dummy
D:11:     serial_shops, shop, uniq_erica
D:12:     serial_shops, nicolae_shop_statue_plus
D:13:     uniq_nessos, uniq_azrael, uniq_kirke
Lair:1:   lemuel_ratsnest, enter_volcano_1, small_statue_intersection
Lair:2:   nicolae_swamp_entry_splash_gauntlet, cheibrodos_lair_lostbears,
          lemuel_fruit_tree, minmay_lair_oklob_chamber
Lair:3:   gammafunk_mikee_crab_dinner, grunt_megastairs_5, uniq_urug
Lair:4:   guppyfry_snake_entry_island, basic_altar
Lair:5:   dpeg_slime_entry_corner, minmay_another_anthill
Lair:6:   evil_forest, grunt_megastairs_2, serial_bayou_shore_a,
          infiniplex_staircase_pool, uniq_snorg
Orc:1:    serial_shops, shop
Orc:2:    grunt_orc_community_town_hall, grunt_orc_community_big_house_2,
          grunt_orc_community_big_house_1, grunt_orc_community_house_1,
          grunt_orc_community_house_3, grunt_orc_community_house_2,
          grunt_orc_community_house_2, grunt_orc_community_house_3,
          grunt_orc_community_house_1
Volcano:  volcano_pools

Table legend:
 A = Turns spent in this place as a percentage of turns spent in the entire game.
 B = Non-inter-level travel turns spent in this place as a percentage of non-inter-level travel turns spent in the entire game.
 C = Inter-level travel turns spent in this place as a percentage of turns spent in this place.
 D = Turns resting spent in this place as a percentage of non-inter-level travel turns spent in this place.
 E = Turns spent auto-exploring this place as a percentage of non-inter-level travel turns spent in this place.
 F = Non-inter-level travel turns spent in this place divided by the number of levels of this place that you've seen.
                   A       B       C       D       E      F
               +-------+-------+-------+-------+-------+----------------------
         Total | 100.0 | 100.0 |   6.0 |   7.2 |  67.6 | 1027.1
       Dungeon |  52.1 |  52.3 |   5.6 |   4.0 |  71.9 | 909.0
          Lair |  36.4 |  36.9 |   4.6 |   9.9 |  65.8 | 1391.3
  Orcish Mines |   9.5 |   8.6 |  14.5 |   7.3 |  59.7 | 976.0
       Volcano |   2.0 |   2.1 |   0.0 |  39.5 |  26.3 | 479.0
               +-------+-------+-------+-------+-------+----------------------

Table legend:
 A = Kills in this place as a percentage of kills in entire the game.
 B = Kills by you in this place as a percentage of kills by you in the entire game.
 C = Kills by friends in this place as a percentage of kills by friends in the entire game.
 D = Other kills in this place as a percentage of other kills in the entire game.
 E = Experience gained in this place as a percentage of experience gained in the entire game.
 F = Experience gained in this place divided by the number of levels of this place that you have seen.
                   A       B       C       D       E      F
               +-------+-------+-------+-------+-------+----------------------
         Total | 100.0 | 100.0 |   N/A |   N/A | 100.0 | 5247.5
       Dungeon |  52.1 |  52.1 |   N/A |   N/A |  31.9 | 2833.5
          Lair |  30.9 |  30.9 |   N/A |   N/A |  53.5 | 10297.0
  Orcish Mines |  15.6 |  15.6 |   N/A |   N/A |  12.0 | 6903.0
       Volcano |   1.4 |   1.4 |   N/A |   N/A |   2.6 | 3021.0
               +-------+-------+-------+-------+-------+----------------------
